AoeStats
← Savitar1678

Hideout

509958005Analyzed
1v1 RM · 2d ago on Sep 28, 2026· 64m 4s· 2 players
Game mode
Random Map
Map size
Tiny (2 player)
Population
200
Speed
Normal
Resources
Standard
Victory
Conquest
Starting age
Dark Age
Ending age
Imperial Age
RankedLock teamsTeams togetherTeam positionsShared explorationLock speedFull tech treeHidden civsTurbo modeCheats
Victory
Defeat
🇺🇸 Gurjaras · United States
1040
+17
🇬🇷 Burmese · Greece
1056
-17
Savitar1678
10:30 Feudal Age
12:37 Double-Bit Axe
19:17 Castle Age
17:57 Gold Mining
20:08 Bloodlines
20:21 Loom
21:16 Wheelbarrow
20:49 Husbandry
25:20 Horse Collar
26:18 Scale Barding Armor
26:15 Town Watch
27:50 Bow Saw
28:56 Stone Mining
30:33 Hand Cart
34:16 Imperial Age
32:30 Fletching
34:33 Loom
38:50 Forging
39:01 Chain Barding Armor
38:37 Bodkin Arrow
38:43 Scale Mail Armor
38:06 Heavy Camel Rider
41:31 Plate Barding Armor
42:19 Gold Shaft Mining
42:21 Stone Shaft Mining
41:59 Kshatriyas
42:32 Conscription
42:30 Heavy Plow
43:10 Iron Casting
42:52 Chain Mail Armor
43:56 Frontier Guards
43:07 Elite Chakram Thrower
44:35 Ballistics
45:05 Hoardings
46:03 Plate Mail Armor
45:33 Bracer
47:08 Chemistry
46:23 Masonry
46:16 Murder Holes
57:43 Architecture
56:55 Treadmill Crane
Kasious
11:00 Feudal Age
11:36 Horse Collar
11:44 Loom
12:38 Man-at-Arms
13:31 Town Watch
14:42 Arson
16:03 Wheelbarrow
18:48 Scale Barding Armor
20:50 Castle Age
20:01 Bloodlines
20:32 Gold Mining
22:07 Heavy Plow
22:20 Pikeman
23:00 Squires
23:41 Scale Mail Armor
24:17 Stone Mining
29:21 Chain Mail Armor
29:20 Forging
34:16 Gold Shaft Mining
34:49 Fletching
35:10 Husbandry
38:09 Bodkin Arrow
37:50 Elite Skirmisher
41:04 Ballistics
43:32 Imperial Age
42:19 Padded Archer Armor
42:26 Manipur Cavalry
42:53 Light Cavalry
43:59 Chain Barding Armor
43:59 Hussar
45:07 Conscription
45:58 Chemistry
45:09 Masonry
46:15 Cavalier
46:59 Halberdier
49:50 Crop Rotation
49:52 Architecture
56:29 Bracer
59:43 Elite Arambai
62:04 Plate Barding Armor
62:04 Iron Casting
Connection lost

Rejoining the realm…

Still unreachable

The connection could not be restored.

Session expired

The server has moved on; the page needs a fresh start.